 Dungeon Crawl Stone Soup version 0.30-a0-782-ge64f9170bb (webtiles) character file.

Game seed: 15518343366632498854

841 112233 the Thaumaturge (level 8, -1/46 HPs)
             Began as an Octopode Air Elementalist on Feb 25, 2023.
             Slain by a black bear (12 damage)
             ... on level 5 of the Dungeon.
             The game lasted 00:03:11 (4983 turns).

112233 the Thaumaturge (Octopode Air Elementalist)  Turns: 4983, Time: 00:03:12

Health: -1/46      AC:  1    Str: 14    XL:     8   Next: 0%
Magic:  0/20       EV: 13    Int: 19    God:
Gold:   348        SH:  0    Dex: 18    Spells: 20/23 levels left

rFire   . . .      SeeInvis .    A - +3 whip of Understanding {flame, Str+6 Stlth+}
rCold   . . .      Faith    .    (no shield)
rNeg    . . .      Spirit   +    (helmet restricted)
rPois   .          Reflect  .    p - amulet of guardian spirit
rElec   .          Harm     .    g - +6 ring of dexterity
rCorr   .          Rampage  .    (no ring)
Will    .....                    (no ring)
Stlth   ++++                     (no ring)
HPRegen 0.27/turn                (no ring)
MPRegen 0.17/turn                (no ring)
                                 (no ring)
                                 (no ring)

@: no status effects
A: almost no armour, amphibious, 8 rings, camouflage 1, gelatinous body 1,
(nimble swimmer 1), tentacles
a: no special abilities


You were on level 5 of the Dungeon.
You visited 1 branch of the dungeon, and saw 6 of its levels.

You collected 348 gold pieces.

Inventory:

Hand Weapons
 c - a +0 dagger of flaming
 r - a +0 dagger of venom
 A - the +3 whip of Understanding (weapon) {flame, Str+6 Stlth+}
   (You found it on level 2 of the Dungeon)

   Str:       It affects your strength (+6).
   Stlth:     It makes you more stealthy.
Jewellery
 g - a +6 ring of dexterity (left tentacle)
 p - an amulet of guardian spirit (around mantle)
 B - a ring of resist corrosion
Wands
 y - a wand of roots (3)
Scrolls
 b - 2 scrolls of teleportation
 h - 2 scrolls of fog {unknown}
 i - 2 scrolls of blinking {unknown}
 l - 2 scrolls of immolation {unknown}
 m - 2 scrolls of summoning {unknown}
 o - a scroll of amnesia {unknown}
 q - a scroll of fear
 s - 2 scrolls of identify {unknown}
 t - 2 scrolls of poison {unknown}
 v - 2 scrolls of enchant armour {unknown}
 w - a scroll of torment {unknown}
 D - 2 scrolls of magic mapping {unknown}
Potions
 d - 2 potions of invisibility {unknown}
 e - a potion of mutation {unknown}
 f - a potion of heal wounds
 j - a potion of lignification {unknown}
 k - 4 potions of haste {unknown}
 n - 3 potions of might {unknown}
 u - a potion of flight {unknown}
 x - a potion of attraction {unknown}
 z - a potion of ambrosia {unknown}
 C - 2 potions of experience {unknown}


   Skills:
 - Level 2.0 Dodging
 - Level 2.8 Stealth
 + Level 8.2 Spellcasting
 - Level 1.0 Conjurations
 - Level 3.0 Air Magic


You had 20 spell levels left.
You knew the following spells:

 Your Spells              Type           Power      Damage    Failure   Level
a - Shock                 Conj/Air       60%        1d6       3%          1
b - Static Discharge      Conj/Air       30%        2-4/arc   6%          2

Your spell library contained the following spells:

 Spells                   Type           Power      Damage    Failure   Level
 Swiftness                Air            19%        N/A       8%          3
 Apportation              Tloc           14%        N/A       9%          1
 Scorch                   Fire           14%        2d5       14%         2
 Airstrike                Air            9%         2d(2-18)  26%         4
 Flame Wave               Conj/Fire      9%         2d6       56%         4
 Alistair's Intoxication  Tmut/Pois      4%         N/A       94%         5
 Summon Cactus Giant      Summ           3%         N/A       100%        6


Dungeon Overview and Level Annotations

Branches:
Dungeon (6/15)
 Temple: D:4-7

Altars:
Okawaru

Shops:
D:1 (

Annotations:
D:3 1 runed translucent door, pener's ghost, amateur GnHs
D:5 exclusion: downstairs


Innate Abilities, Weirdness & Mutations

You cannot wear most types of armour.
You are amphibious.
You can wear up to eight rings at the same time.
Your skin changes colour to match your surroundings (Stealth+).
Your rubbery body absorbs attacks. (AC +1, EV +1)
((You are camouflaged when in or above water. (Stealth+)))
You have tentacles for arms and can constrict up to eight enemies at once.


Message History

The black bear is moderately wounded.
Unknown command.
Casting: Shock (safe; 3% risk of failure)
Confirm with . or Enter, or press ? or * to list all spells.
The black bear is struck by an arc of lightning.
The black bear is heavily wounded.
You are struck by an arc of lightning.
The lightning grounds out.
The black bear barely misses you. The black bear claws you.
The black bear misses you. The black bear barely misses you.
The black bear claws you. x2
Unknown command.
Unknown command.
Casting: Static Discharge (safe; 6% risk of failure)
Confirm with . or Enter, or press ? or * to list all spells.
The black bear is struck by an arc of lightning.
The black bear is severely wounded.
You are struck by an arc of lightning.
The lightning grounds out.
The black bear completely misses you. The black bear claws you. x2
The black bear closely misses you. x3
Unknown command.
Casting: Static Discharge (safe; 6% risk of failure)
Confirm with . or Enter, or press ? or * to list all spells.
The black bear is struck by an arc of lightning.
The black bear is severely wounded.
You are struck by an arc of lightning.
The lightning grounds out.
The black bear goes berserk!
The black bear barely misses you. The black bear claws you. x2
The black bear bites you! The black bear claws you.
The black bear closely misses you.
Unknown command.
Casting: Static Discharge (safe; 6% risk of failure)
Confirm with . or Enter, or press ? or * to list all spells.
The black bear is struck by an arc of lightning.
The black bear is almost dead.
You are struck by an arc of lightning.
* * * LOW HITPOINT WARNING * * *
The black bear is struck by an arc of lightning.
The black bear is almost dead.
The lightning grounds out.
The black bear bites you!
You die...

#......########...####..≈
#.................>.....≈
##......########...###.#.≈
#..######..## #...# #...≈
###.## ...$# #...# ###.≈
##...# .... #...# #.≈
#..### #.. ##### #.≈
#.##### ###h# #.≈
#.##..#+##..@## #..
#.'....##.....## ###
###..†.#.......#
##..##...8...#
##÷##.......#
##..##.....## #....##)..##
#)...'#†### ##..##).##


You could see a black bear (berserk).

Vanquished Creatures
  Sigmund (D:2)
  2 black bears
  An ogre (D:5)
  A phantom (D:5)
  A bullfrog (D:5)
  A scorpion (D:5)
  An orc priest (D:5)
  3 hounds (D:5)
  An iguana (D:5)
  3 adders
  A worm (D:2)
  3 dart slugs
  4 orcs
  2 ball pythons
  5 endoplasms
  2 giant cockroaches
  6 goblins
  3 hobgoblins
  A jackal (D:5)
  6 quokkas
  5 bats (D:2)
  2 frilled lizards
  5 kobolds
  4 rats
64 creatures vanquished.

Notes
Turn   | Place    | Note
-------+----------+-------------------------------------------
     0 | D:1      | 112233 the Octopode Air Elementalist began the quest for
                  | the Orb.
     0 | D:1      | Reached XP level 1. HP: 11/11 MP: 3/3
   133 | D:1      | Reached XP level 2. HP: 4/17 MP: 0/5
   905 | D:1      | Found Mitotes's Antique Weapon Shop.
  1217 | D:2      | Reached skill level 3 in Spellcasting
  1217 | D:2      | Reached XP level 3. HP: 16/21 MP: 0/7
  1575 | D:2      | Noticed Sigmund
  1666 | D:3      | Found a runed translucent door.
  2354 | D:3      | Noticed pener's ghost (amateur GnHs)
  2539 | D:4      | You fall into a shaft and drop 2 floors!
  2578 | D:6      | Noticed a steam dragon
  2587 | D:6      | Noticed an ogre
  2596 | D:5      | Entered Level 5 of the Dungeon
  2599 | D:5      | Found an iron altar of Okawaru.
  2675 | D:5      | Reached skill level 4 in Spellcasting
  2675 | D:5      | Reached XP level 4. HP: 19/27 MP: 3/10
  3149 | D:4      | Noticed a black bear
  3159 | D:4      | Killed a black bear
  3160 | D:4      | Reached skill level 5 in Spellcasting
  3160 | D:4      | Reached XP level 5. HP: 20/31 MP: 3/12
  3240 | D:4      | Identified the +1 chain mail "Haorghiad" {rElec rF+}
  3561 | D:4      | Learned a level 2 spell: Static Discharge
  3694 | D:2      | Killed Sigmund
  3695 | D:2      | Reached skill level 6 in Spellcasting
  3695 | D:2      | Reached XP level 6. HP: 34/36 MP: 2/15
  3700 | D:2      | Identified the +3 whip of Understanding {flame, Str+6
                  | Stlth+}
  4367 | D:5      | Reached XP level 7. HP: 19/41 MP: 5/17
  4675 | D:5      | Reached skill level 7 in Spellcasting
  4861 | D:5      | Reached skill level 8 in Spellcasting
  4861 | D:5      | Reached XP level 8. HP: 32/46 MP: 5/20
  4983 | D:5      | Slain by a black bear

Illustrated notes

Levels and vault maps discovered:
D:1:      amcnicky_arrival_underground_garden, layout_loops_ring, serial_shops,
          nicolae_shop_hallway_plus, kennysheep_nondescript,
          chequers_mini_garden, minmay_misc_feat_enclosed,
          roderic_serpentine_path
D:2:      layout_rooms, uniq_sigmund
D:3:      layout_loops_ring, ebering_ghost_reflecting_pool
D:4:      minmay_evil_eye, layout_loops_ring
D:5:      minmay_bubble_buster, layout_basic, mainiacjoe_overflow_brackets
D:6:      layout_rooms, kennysheep_slug_shrine, uniq_maggie,
          uniq_crazy_yiuf_cottage, uniq_edmund

Skill      XL: |  1  2  3  4  5  6  7 |
---------------+----------------------+-----
Spellcasting   | 3 4 5 6 8 |  8.2
Dodging        | |  2.0
Stealth        | |  2.8
Conjurations   | |  1.0
Air Magic      | |  3.0

Action                     |  1- 3 |  4- 6 |  7- 9 || total
---------------------------+-------+-------+-------++-------
  Melee: Dagger            |    17 |     7 |       ||    24
         Constrict         |     6 |     4 |       ||    10
         Tentacles         |     3 |     5 |     1 ||     9
         Unarmed           |     1 |       |       ||     1
         Whip              |       |     6 |     1 ||     7
   Cast: Shock             |    78 |    47 |    39 ||   164
         Static Discharge  |       |     4 |    10 ||    14
  Evoke: Wand              |       |       |     1 ||     1
    Use: Scroll            |     2 |       |       ||     2
         Potion            |       |     2 |     2 ||     4
   Stab: Sleeping          |       |     2 |       ||     2
 Armour: Skin              |     2 |     4 |     2 ||     8
  Dodge: Dodged            |    24 |    19 |    37 ||    80

Table legend: (Time is in decaauts)
 A = Elapsed time spent in this place.
 B = Non-inter-level travel time spent in this place.
 C = Inter-level travel time spent in this place.
 D = Time resting spent in this place.
 E = Time spent auto-exploring this place.
 F = Levels seen in this place.
 G = Mean time per level.
                   A        B        C        D        E       F      G
               +--------+--------+--------+--------+--------+-----+--------+
         Total |   4986 |   4760 |    226 |    128 |   4162 |   6 |  831.0 |
       Dungeon |   4986 |   4760 |    226 |    128 |   4162 |   6 |  831.0 |
               +--------+--------+--------+--------+--------+-----+--------+

Top non-repeatable levels by time:
     D:4: 1085 daAuts
     D:1: 1066 daAuts
     D:2: 1040 daAuts
     D:5: 925 daAuts
     D:3: 811 daAuts
     D:6: 56 daAuts
